Description

DT Rush

Build Order

Get SALT Encoding   

  12  0:00  Probe (Chrono Boost)  
  13  0:11  Probe (Chrono Boost)  
  14  0:17  Pylon  
  14  0:22  Probe (Chrono Boost)  
  16  0:36  Probe (Chrono Boost)  
  16  0:37  Gateway  
  16  0:43  Assimilator  
  16  0:46  Probe (Chrono Boost)  
  17  0:57  Assimilator, Probe (Chrono Boost)  
  18  1:05  Gateway  
  18  1:08  Probe (Chrono Boost)  
  19  1:19  Probe (Chrono Boost)  
  19  1:24  Cybernetics Core  
  20  1:29  Probe (Chrono Boost)  
  21  1:40  Probe (Chrono Boost)  
  21  1:41  Pylon  
  22  1:49  Warp Gate  
  22  1:50  Probe (Chrono Boost)  
  23  2:00  Adept x2  
  27  2:12  Twilight Council  
  27  2:27  Stalker  
  27  2:29  Stalker  
  31  2:38  Pylon  
  31  2:48  Dark Shrine  
  31  3:08  Gateway  
  31  3:17  Mothership Core (Chrono Boost), Pylon  
  33  4:01  Dark Templar x2, Pylon  
  37  4:07  Dark Templar  
  39  4:14  Pylon  
Spawning Tool Build Advisor. Get it on Overwolf

Analysis

DT Rush

Go to:

Details

  • Created by: DarkHeartz
  • Published on: Nov 21, 2016
  • Modified on: Nov 21, 2016
  • Patch: Pre-3.8.0
Show
View Real Time Build Order
Export as new Build Order

Comments (0)

There are no comments. Be the first!

Create an account to comment!